 Dungeon Crawl Stone Soup version 0.28-a0-500-g121bc3e445 (webtiles) character file.

Game seed: 688079068357499682

518 Shayle the Skirmisher (level 7, 0/77 (78) HPs)
             Began as an Ogre Warper on Sept 20, 2021.
             Slain by an iguana (10 damage)
             ... on level 4 of the Dungeon.
             The game lasted 00:11:31 (6933 turns).

Shayle the Skirmisher (Ogre Warper)                 Turns: 6933, Time: 00:11:31

HP:   0/77 (78)     AC:  3    Str: 16    XL:     7   Next: 21%
MP:   4/10          EV:  9    Int: 16    God:
Gold: 190           SH:  0    Dex:  8    Spells: 2/10 levels left

rFire   . . .      SeeInvis .   h - +0 short sword (freeze)
rCold   . . .      Faith    .   (no shield)
rNeg    + . .      Spirit   .   b - +0 robe
rPois   .          Reflect  .   (helmet restricted)
rElec   .          Harm     .   (no cloak)
rCorr   .          Rampage  .   (gloves unavailable)
Will    .....                   (boots unavailable)
Stlth   +.........              (no amulet)
HPRegen 0.22/turn               n - ring of positive energy
MPRegen 0.12/turn               (no ring)

@: lightly drained
A: large, unfitting armour, tough skin 1
a: no special abilities


You were on level 4 of the Dungeon.
You visited 1 branch of the dungeon, and saw 5 of its levels.

You collected 220 gold pieces.
You spent 30 gold pieces at shops.

Inventory:

Hand Weapons
 a - a +0 spear
 h - a +0 short sword of freezing (weapon)
Missiles
 g - 15 poisoned darts (quivered)
 j - 8 boomerangs
Armour
 b - a +0 robe (worn)
Jewellery
 n - a ring of positive energy (left hand)
Wands
 e - a wand of paralysis (8)
Scrolls
 c - 2 scrolls of blinking
 f - a scroll of fog {unknown}
 i - a scroll of summoning {unknown}
 k - a scroll of enchant armour {unknown}
 l - 2 scrolls of teleportation
 o - a scroll of fear {unknown}
 p - a scroll of identify {unknown}
 q - a scroll of noise {unknown}
 r - 2 scrolls of enchant weapon {unknown}
 s - a scroll of vulnerability {unknown}
Potions
 d - a potion of brilliance {unknown}
 m - a potion of curing {unknown}


   Skills:
 + Level 7.3 Fighting
 + Level 5.5 Polearms
 - Level 1.0 Throwing
 - Level 2.1 Dodging
 + Level 2.4 Spellcasting
 - Level 2.6 Translocations


You had 2 spell levels left.
You knew the following spells:

 Your Spells              Type           Power      Damage    Failure   Level
a - Blink                 Tloc           N/A        N/A       10%         2
b - Teleport Other        Tloc           10%        N/A       21%         3
c - Gell's Gravitas       Tloc           5%         N/A       21%         3

Your spell library contained the following spells:

 Spells                   Type           Power      Damage    Failure   Level
 Lesser Beckoning         Tloc           10%        N/A       21%         3
 Manifold Assault         Tloc           10%        N/A       88%         5


Dungeon Overview and Level Annotations

Branches:
Dungeon (5/15)
 Temple: D:4-7

Altars:

Shops:
D:2 *:[

Annotations:
D:3 1 runed translucent door, Crazy Yiuf
D:4 Sigmund


Innate Abilities, Weirdness & Mutations

You are too large for most types of armour.
You have tough skin. (AC +1)


Message History

The iguana barely misses you.
You hit the iguana but do no damage. The iguana bites you!
You closely miss the iguana. The iguana closely misses you.
The iguana bites you!
You hit the iguana but do no damage. The iguana bites you.
You hit the iguana. You freeze the iguana.
The iguana is moderately wounded.
The iguana bites you.
You hit the iguana.
The iguana seems to slow down.
You freeze the iguana.
The iguana is heavily wounded.
The iguana is no longer moving slowly.
The iguana bites you.
You closely miss the iguana.
The iguana is heavily wounded.
The iguana bites you!
You hit the iguana. You freeze the iguana.
The iguana is severely wounded.
The iguana bites you!
* * * LOW HITPOINT WARNING * * *
You barely miss the iguana.
The iguana is severely wounded.
The iguana bites you!
* * * LOW HITPOINT WARNING * * *
You barely miss the iguana.
The iguana is severely wounded.
The iguana misses you.
Casting: Teleport Other (dangerous; 21% risk of failure)
Confirm with . or Enter, or press ? or * to list all spells.
Aiming: Teleport Other (dangerous; 21% risk of failure)
Press: ? - help, Shift-Dir - straight line, f - iguana
Aim: an iguana (severely wounded, chance to affect: 54%)
The iguana resists with significant effort.
The iguana barely misses you.
Casting: Teleport Other (dangerous; 21% risk of failure)
Confirm with . or Enter, or press ? or * to list all spells.
Aiming: Teleport Other (dangerous; 21% risk of failure)
Press: ? - help, Shift-Dir - straight line, f/p - iguana
Aim: an iguana (severely wounded, chance to affect: 54%)
The iguana resists with significant effort.
The iguana bites you!
You die...

##############
########............#
......l@.#####.####.#
##.#.###..# #.# #.#
....###.####.#
#.............####
##...###.###......
...## #.##....##.
#..# #.##....... ...
........#..
#######.#..


You could see an iguana.

Vanquished Creatures
  Grinder (D:4)
  A necrophage (D:4)
  A water moccasin skeleton (D:3)
  A hound (D:4)
  A bullfrog skeleton (D:3)
  4 adders
  A gnoll (D:3)
  An adder skeleton (D:4)
  A worm (D:2)
  A dart slug (D:1)
  6 ball pythons
  8 bats
  8 endoplasms
  4 giant cockroaches
  7 goblins
  4 hobgoblins
  3 jackals (D:1)
  6 kobolds
  4 quokkas
  2 frilled lizards (D:1)
  7 rats
72 creatures vanquished.

Notes
Turn   | Place    | Note
-------+----------+-------------------------------------------
     0 | D:1      | Shayle the Ogre Warper began the quest for the Orb.
     0 | D:1      | Reached XP level 1. HP: 22/22 MP: 3/3
   210 | D:1      | Reached skill level 3 in Fighting
   284 | D:1      | Reached XP level 2. HP: 31/31 MP: 5/5
  1033 | D:1      | Reached XP level 3. HP: 36/39 MP: 6/6
  1633 | D:1      | Reached skill level 4 in Fighting
  1870 | D:2      | Found Fuostreod's Book Shop.
  2367 | D:2      | Reached XP level 4. HP: 40/48 MP: 7/7
  2427 | D:2      | Found Jupragro's General Store.
  2433 | D:2      | Bought a scroll of teleportation for 30 gold pieces
  2860 | D:2      | Found a faded altar of an unknown god.
  3105 | D:2      | Found Taic's Armour Shoppe.
  3385 | D:3      | Reached skill level 5 in Fighting
  3385 | D:3      | Reached XP level 5. HP: 5/57 MP: 8/8
  4511 | D:3      | Found a runed translucent door.
  4512 | D:3      | Noticed Crazy Yiuf
  5022 | D:4      | Learned a level 2 spell: Blink
  5026 | D:4      | Learned a level 3 spell: Teleport Other
  5030 | D:4      | Learned a level 3 spell: Gell's Gravitas
  5108 | D:4      | Noticed a necrophage
  5132 | D:5      | Entered Level 5 of the Dungeon
  5243 | D:5      | Noticed an ogre
  5457 | D:5      | HP: 2/59 [water moccasin skeleton (4)]
  5767 | D:4      | Reached XP level 6. HP: 56/67 MP: 9/9
  5869 | D:4      | Noticed Grinder
  5887 | D:4      | Paralysed by Grinder for 6 turns
  5922 | D:4      | Paralysed by Grinder for 4 turns
  5927 | D:4      | Killed Grinder
  5928 | D:4      | Reached skill level 6 in Fighting
  5928 | D:4      | Reached skill level 5 in Polearms
  6429 | D:4      | Noticed Sigmund
  6703 | D:4      | Killed a necrophage
  6704 | D:4      | Reached skill level 7 in Fighting
  6704 | D:4      | Reached XP level 7. HP: 37/77 MP: 10/10
  6933 | D:4      | Slain by an iguana

Illustrated notes

Levels and vault maps discovered:
D:1:      erik_arrival_cave_to_civilisation [erik_arrival_cave_to_hall],
          layout_basic, serial_forest, infiniplex_forest_lined_3_way,
          infiniplex_forest_clump_small, infiniplex_forest_clump_curved,
          infiniplex_forest_lined_3_way, infiniplex_forest_clump_diagonal,
          infiniplex_forest_clump_double
D:2:      layout_loops_corners, serial_shops, nicolae_shop_behind_doors,
          nicolae_shop_waterfront, shop, hellmonk_ecumenical_altar_slurped_away,
          grunt_decor_junction, corexii_hall_statues_i
D:3:      layout_loops_ring, uniq_crazy_yiuf_cottage
D:4:      layout_loops_corners, fountainhead, st_stairs_7, uniq_sigmund,
          uniq_grinder
D:5:      layout_basic, ashenzari_conservatory_becter, uniq_pikel

Skill      XL: |  1  2  3  4  5  6 |
---------------+-------------------+-----
Fighting       | 3 4 5 7 |  7.3
Polearms       | 3 4 5 |  5.5
Throwing       | |  1.0
Dodging        | |  2.1
Spellcasting   | |  2.4
Translocations | |  2.6

Action                   |  1- 3 |  4- 6 |  7- 9 || total
-------------------------+-------+-------+-------++-------
Melee: Spear             |    64 |       |       ||    64
       Short sword       |   103 |   201 |     9 ||   313
Throw: Boomerang         |       |     5 |       ||     5
       Dart              |       |     6 |       ||     6
 Cast: Teleport Other    |       |     6 |     2 ||     8
Evoke: Wand              |       |     1 |       ||     1
  Use: Potion            |       |     4 |       ||     4
 Stab: Sleeping          |       |     1 |       ||     1
       Paralysed         |       |    10 |       ||    10
Armor: Robe              |    71 |    39 |       ||   110
       Skin              |       |     2 |       ||     2
Dodge: Dodged            |    75 |    77 |     4 ||   156

Table legend: (Time is in decaauts)
 A = Elapsed time spent in this place.
 B = Non-inter-level travel time spent in this place.
 C = Inter-level travel time spent in this place.
 D = Time resting spent in this place.
 E = Time spent auto-exploring this place.
 F = Levels seen in this place.
 G = Mean time per level.
                   A        B        C        D        E       F      G
               +--------+--------+--------+--------+--------+-----+--------+
         Total |   6964 |   6913 |     51 |   2338 |   3352 |   5 | 1392.8 |
       Dungeon |   6964 |   6913 |     51 |   2338 |   3352 |   5 | 1392.8 |
               +--------+--------+--------+--------+--------+-----+--------+

Top non-repeatable levels by time:
     D:1: 1855 daAuts
     D:3: 1838 daAuts
     D:4: 1634 daAuts
     D:2: 1292 daAuts
     D:5: 343 daAuts
